 Dungeon Crawl Stone Soup version 0.20-b1-2-gc5a9893 (webtiles) character file.

85 dududu the Bolt Thrower (level 4, -9/27 HPs)
             Began as a Halfling Arcane Marksman on May 22, 2017.
             Mangled by Sigmund
             ... wielding a +7 scythe of venom
              (14 damage)
             ... on level 2 of the Dungeon.
             The game lasted 00:10:15 (1898 turns).

dududu the Bolt Thrower (Halfling Arcane Marksman)  Turns: 1898, Time: 00:10:16

Health: -9/27      AC:  3    Str:  9 (11) XL:     4   Next: 75%
Magic:  5/5        EV: 14    Int:  8 (11) God:
Gold:   83         SH:  0    Dex: 12 (15) Spells: 4/5 levels left

rFire    . . .     SeeInvis .   a - +0 whip
rCold    . . .     Gourm    .   (shield restricted)
rNeg     . . .     Faith    .   i - +0 leather armour
rPois    .         Spirit   .   (no helmet)
rElec    .         Reflect  .   (no cloak)
rCorr    .         Harm     .   (no gloves)
MR       .....                  (no boots)
Stlth    +.........             (no amulet)
Regen    0.1/turn               (no ring)
MPRegen  0.1/turn               (no ring)

@: flying, hasted, very quick
A: mutation resistance 1
a: no special abilities


You were on level 2 of the Dungeon.
You were not hungry.

You visited 1 branch of the dungeon, and saw 2 of its levels.

You collected 83 gold pieces.

Inventory:

Hand Weapons
 a - a +0 whip (weapon)
 b - a +0 hand crossbow
 p - a +2 vampiric short sword
Missiles
 d - 18 bolts
 g - 37 stones (quivered)
Armour
 e - a +0 robe
 i - a +0 leather armour (worn)
 o - a +0 buckler
Jewellery
 w - an uncursed ring of teleportation
Scrolls
 n - a scroll of blinking
 u - a scroll of noise {unknown}
 v - a scroll of recharging {unknown}
Potions
 h - 2 potions of flight
 j - a potion of invisibility
 t - a potion of agility {unknown}
Books
 c - a book of Debilitation

   Spells                             Type                      Level
   a - Corona                         Hexes                        1
   b - Slow                           Hexes                        2
   c - Inner Flame                    Hexes/Fire                   3
   d - Portal Projectile              Hexes/Translocation          3
   e - Cause Fear                     Hexes                        4
   f - Leda's Liquefaction            Hexes/Earth                  4
Comestibles
 f - a bread ration
 k - 10 chunks of flesh
 l - 6 fruits
 s - a royal jelly


   Skills:
 - Level 0.8 Fighting
 + Level 5.0 Crossbows
 - Level 2.1 Dodging
 - Level 1.0 Spellcasting
 - Level 2.4 Hexes


You had 4 spell levels left.
You knew the following spells:

 Your Spells              Type           Power        Failure   Level  Hunger
a - Corona                Hex            #......      21%         1    ##.....


Dungeon Overview and Level Annotations

Branches:
Dungeon (2/15)

Altars:

Annotations:
D:2 Sigmund


Innate Abilities, Weirdness & Mutations

You are small and have problems with some larger weapons.
You are somewhat resistant to further mutation.


Message History

The kobold throws a stone.
The stone barely misses you. Sigmund casts a spell at you.
The magic dart hits you!
Sigmund screams, "Don't try to resist!"
Sigmund gestures at you while chanting. The magic dart hits you!
* * * LOW HITPOINT WARNING * * *
Sigmund casts a spell at you.
You are confused.
It was a potion of flight.
You feel very buoyant.
You fly up into the air.
It was a potion of degeneration.
There was something very wrong with that liquid.
You feel weakened.
You feel dopey.
You feel clumsy.
It was a potion of haste.
You feel yourself speed up.
You feel less confused.
Sigmund hits you from afar with a scythe of venom!
Ouch! That really hurt!
You die...

......# ###'#.......#.## .<....#
#...........#..# ......#
#...........##.#
......#####....[......##.# #
......'...'.....K....###.##.#.##
......#####.....................
......# #.....@...####.##.#.#.
......# #.........# #.# .#
......# #.....@...# #.##.#
[.....########'#'#### #.##.#
.........## #.#.# #..#.#
.......†..## #.#.# #....# # .
.......#...###.#.# #....#.#..
.......#....##.#<# #....#...#
.......##....#.### ###......)
######..##.....# #..#####
#........##....###########......#


You could see Sigmund and a kobold.

Vanquished Creatures
  3 adders (D:2)
  2 worms
  2 dart slugs (D:1)
  3 leopard geckos (D:1)
  7 bats
  5 giant cockroaches
  4 goblins
  4 hobgoblins
  6 kobolds
  A quokka (D:2)
  2 frilled lizards (D:1)
  5 rats
44 creatures vanquished.

Notes
Turn   | Place    | Note
-------+----------+-------------------------------------------
     0 | D:1      | dududu the Halfling Arcane Marksman began the quest for the Orb.
     0 | D:1      | Reached XP level 1. HP: 12/12 MP: 2/2
   156 | D:1      | Reached XP level 2. HP: 15/18 MP: 3/3
   304 | D:1      | Reached skill level 3 in Crossbows
   463 | D:1      | Reached XP level 3. HP: 13/22 MP: 4/4
   974 | D:1      | Reached skill level 4 in Crossbows
  1444 | D:2      | Reached XP level 4. HP: 24/27 MP: 5/5
  1791 | D:2      | Reached skill level 5 in Crossbows
  1882 | D:2      | Noticed Sigmund
  1898 | D:2      | Mangled by Sigmund

Skill      XL: |  1  2  3  4 |
---------------+-------------+-----
Crossbows      | 3 4 5 |  5.0
Fighting       | |  0.8
Dodging        | |  2.1
Spellcasting   | |  1.0
Hexes          | |  2.4

Action                   |  1- 3 |  4- 6 || total
-------------------------+-------+-------++-------
Melee: Whip              |    76 |    31 ||   107
 Fire: Hand crossbow     |    27 |    17 ||    44
Throw: Stone             |     6 |       ||     6
  Use: Scroll            |       |     4 ||     4
       Potion            |       |     3 ||     3
 Stab: Sleeping          |     3 |       ||     3
  Eat: Chunk             |     2 |     1 ||     3
Armor: Leather armour    |    16 |     9 ||    25
Dodge: Dodged            |    54 |    25 ||    79
